 Dungeon Crawl Stone Soup version 0.28.0 (webtiles) character file.

Game seed: 16749971449653034578

81 Dirian the Skirmisher (level 4, 0/38 HPs)
             Began as a Hill Orc Wanderer on Feb 15, 2022.
             Succumbed to a goblin's poison
             ... on level 2 of the Dungeon.
             The game lasted 00:02:00 (1533 turns).

Dirian the Skirmisher (Hill Orc Wanderer)           Turns: 1533, Time: 00:02:00

Health: 0/38       AC:  3    Str: 15    XL:     4   Next: 40%
Magic:  4/4        EV: 11    Int: 11    God:
Gold:   64         SH:  0    Dex: 12    Spells: 3/3 levels left

rFire   . . .      SeeInvis +   b - +0 war axe
rCold   . . .      Faith    .   (no shield)
rNeg    . . .      Spirit   .   c - +0 leather armour
rPois   .          Reflect  .   (no helmet)
rElec   .          Harm     .   (no cloak)
rCorr   .          Rampage  .   (no gloves)
Will    .....                   (no boots)
Stlth   +.........              (no amulet)
HPRegen 0.12/turn               g - ring of see invisible
MPRegen 0.09/turn               (no ring)

@: brilliant, lethally poisoned (0 -> -4), flying
A: no striking features
a: no special abilities


You were on level 2 of the Dungeon.
You visited 1 branch of the dungeon, and saw 2 of its levels.

You collected 64 gold pieces.

Inventory:

Hand Weapons
 a - a +3 mace
 b - a +0 war axe (weapon)
Armour
 c - a +0 leather armour (worn)
Jewellery
 g - a ring of see invisible (left hand)


   Skills:
 + Level 3.2 Fighting
 * Level 3.0(3.5) Axes
 - Level 2.1(3.2) Maces & Flails
 - Level 1.7(2.1) Staves
 + Level 3.0 Armour
 - Level 1.5 Dodging
 + Level 1.6 Shields


You had 3 spell levels left.
You didn't know any spells.
Your spell library was empty.

Dungeon Overview and Level Annotations

Branches:
Dungeon (2/15)

Altars:

Shops:
D:2 *

Annotations:
D:2 Robin


Message History

Robin hits you from afar with a +0 spear.
It was a potion of flight.
You feel very buoyant.
You fly up into the air.
The goblin hits you with a +0 dagger. x2
It was a potion of curing.
You feel better. The goblin hits you with a +0 dagger.
The goblin hits you but does no damage. Robin closely misses you.
You completely miss the goblin.
The goblin is severely wounded.
You completely miss the goblin. The goblin barely misses you.
The goblin hits you but does no damage.
You barely miss the goblin.
The goblin is severely wounded.
You slash the goblin!
You kill the goblin!
The goblin misses you.
Robin hits you from afar with a +0 spear.
The goblin barely misses you.
You hit the goblin.
You kill the goblin!
Robin throws the goblin at you!
The goblin hits you with a +1 dagger of venom.
You are poisoned.
Robin hits you from afar with a +0 spear.
You feel very sick.
Robin says, "A pitiful Hill Orc like you will never find the ORB!"
Robin barely misses you.
Things that are here:
a +0 dagger; a goblin corpse You barely miss Robin.
You hit the goblin.
You kill the goblin!
You feel sick. Robin hits you with a +0 spear.
* * * LOW HITPOINT WARNING * * *
You barely miss Robin.
* * * LOW HITPOINT WARNING * * *
You feel sick. Robin hits you with a +0 spear.
* * * LOW HITPOINT WARNING * * *
You hit Robin.
Robin is moderately wounded.
You die...

#.# #.....##.#
#. #.#
#.....##.# #.
#.###.....##.#
#.
#...'........#
##
#####.....##.#
#.....##.#
#####)##.#
#)#### #@# #g#


ggg #.gg. #..... #...... #....... #........ You could see Robin, a hobgoblin
(strong) and 4 goblins.

Vanquished Creatures
  An orc wizard (D:2)
  A worm (D:2)
  A dart slug (D:1)
  4 orcs (D:2)
  3 ball pythons
  4 bats
  2 endoplasms (D:2)
  2 giant cockroaches (D:2)
  6 goblins
  A hobgoblin (D:1)
  3 jackals (D:1)
  5 kobolds (D:2)
  3 quokkas (D:1)
  3 frilled lizards
  4 rats
43 creatures vanquished.

Notes
Turn   | Place    | Note
-------+----------+-------------------------------------------
     0 | D:1      | Dirian the Hill Orc Wanderer began the quest for the Orb.
     0 | D:1      | Dirian set off with the following items: a +3 mace, a +0
                  | quarterstaff, a +0 leather armour
     0 | D:1      | Reached XP level 1. HP: 18/18 MP: 1/1
   109 | D:1      | Reached skill level 1 in Axes
   116 | D:1      | Reached XP level 2. HP: 25/25 MP: 2/2
   539 | D:1      | Reached skill level 1 in Shields
   823 | D:2      | Reached XP level 3. HP: 30/30 MP: 3/3
   873 | D:2      | Found Nyigudad's Assorted Antiques.
   922 | D:2      | Reached XP level 4. HP: 26/38 MP: 4/4
  1430 | D:2      | Found a faded altar of an unknown god.
  1516 | D:2      | Noticed Robin
  1533 | D:2      | Succumbed to a goblin's poison

Illustrated notes

Levels and vault maps discovered:
D:1:      grunt_arrival_lava_bath, layout_loops_ring, serial_glass,
          glass_columns_a, glass_columns_b, glass_columns_b, glass_columns_b,
          glass_columns_a, glass_columns_a, glass_columns_b, glass_columns_c,
          glass_columns_a, glass_columns_b
D:2:      layout_basic, shapermc_ecumenical_altar_acropolis, serial_shops,
          nicolae_shop_waterfront, minmay_pentomino_x2, uniq_robin

Skill      XL: |  1  2  3  4 |
---------------+-------------+-----
Axes           | 1 2 3 |  3.0
Shields        | 1 |  1.6
Fighting       | 3 |  3.2
Armour         | 3 |  3.0
Maces & Flails | |  2.1
Staves         | |  1.7
Dodging        | |  1.5

Action                   |  1- 3 |  4- 6 || total
-------------------------+-------+-------++-------
Melee: Mace              |    55 |     6 ||    61
       Punch             |     1 |       ||     1
       War axe           |       |    34 ||    34
  Use: Scroll            |     2 |       ||     2
       Potion            |       |     3 ||     3
Armor: Leather armour    |    15 |    13 ||    28
Dodge: Dodged            |    21 |    26 ||    47
